 Dungeon Crawl Stone Soup version 0.21.0 (webtiles) character file.

674684 Doughies the Malleable (level 27, -10/300 HPs)
             Began as a Merfolk Transmuter on Feb 7, 2018.
             Was the Champion of Cheibriados.
             Killed from afar by an orb of fire (16 damage)
             ... with a fireball
             ... on level 5 of the Realm of Zot.
             The game lasted 04:28:08 (53063 turns).

Doughies the Malleable (Merfolk Transmuter)        Turns: 53063, Time: 04:28:08

Health: -10/300    AC: 33    Str: 24    XL:     27
Magic:  27/43      EV: 36    Int: 32    God:    Cheibriados [******]
Gold:   6179       SH:  0    Dex: 38    Spells: 19/58 levels left

rFire    + + .     SeeInvis +     - Unarmed
rCold    x . .     Gourm    .   (no shield)
rNeg     + . .     Faith    .   (armour currently unavailable)
rPois    ∞         Spirit   .   E - +2 helmet
rElec    +         Reflect  .   F - scarf {repulsion}
rCorr    .         Harm     .   (gloves currently unavailable)
MR       ++++.     Rnd*Rage +   (boots currently unavailable)
Stlth    +++.......             V - amulet "Paprestu" {+Rage rPois rF+}
HPRegen  1.00/turn              B - ring of Daogyenn {Str-3 Slay+4 SInv}
MPRegen  0.28/turn              a - ring "Maghich" {Ice MR++ Dex+4}

@: immune to fire clouds, about to teleport, statue-form (expiring), repel
missiles, very slow
A: (change form in water), (swift swim), (stealthy swim), berserk 2, blurry
vision 1, deformed body, deterioration 1, regeneration 1, robust 1, weak 1,
subdued magic 1, MP-powered wands
}: 3/15 runes: barnacled, silver, gossamer
a: End Transformation, Bend Time, Temporal Distortion, Slouch, Step From Time,
Renounce Religion, Evoke Berserk Rage


You were on level 5 of the Realm of Zot.
You worshipped Cheibriados.
Cheibriados was exalted by your worship.
You were hungry.
You were a stone statue.
You visited 9 branches of the dungeon, and saw 49 of its levels.
You visited 1 bazaar.
You also visited: Trove, Sewer, Ossuary, Bailey, Ice Cave and Wizlab.

You collected 8551 gold pieces.
You spent 2372 gold pieces at shops.

Inventory:

Missiles
 x - 644 arrows
Armour
 f - the +9 plate armour of Eliaph (melded) {rPois rC- Int+4 Dex+6}
   (You found it in a bailey)

   It affects your intelligence (+4).
   It affects your dexterity (+6).
   It makes you vulnerable to cold.
   It protects you from poison.
 g - the +4 moon troll leather armour {Spirit, Regen++ MP+5}
   (You took it off a moon troll in a wizard's laboratory)

   It affects your magic capacity (+5).
   It increases your rate of regeneration.
 j - the +1 pair of boots of Disguise (melded) {Str+8 Int-3 Stlth+}
   (You found it on level 3 of the Elven Halls)

   It affects your strength (+8).
   It affects your intelligence (-3).
   It makes you more stealthy.
 E - a +2 helmet (worn)
 F - a scarf of repulsion (worn)
 S - a scarf of resistance
 W - the +0 pair of gloves of Modesty (melded) {rPois rC++ Slay+3}
   (You found it on level 3 of the Elven Halls)

   It affects your accuracy and damage with ranged weapons and melee attacks
   (+3).
   It greatly protects you from cold.
   It protects you from poison.
Magical Staves
 J - an uncursed staff of wizardry
Jewellery
 a - the ring "Maghich" (right hand) {Ice MR++ Dex+4}
   (You acquired it on level 10 of the Dungeon)

   [ring of ice]

   It enhances your ice magic.
   It affects your dexterity (+4).
   It makes you vulnerable to fire.
   It protects you from cold.
   It affects your resistance to hostile enchantments.
 i - an uncursed ring of resist corrosion
 A - the ring "Ymnerghi" {+Blink rF- AC+5 Str+2 Dex+6}
   (You bought it in a shop on level 2 of the Elven Halls)

   [ring of protection]

   It affects your AC (+5).
   It affects your strength (+2).
   It affects your dexterity (+6).
   It makes you vulnerable to fire.
   It lets you blink.
 B - the ring of Daogyenn (left hand) {Str-3 Slay+4 SInv}
   (You found it on level 1 of the Vaults)

   [ring of see invisible]

   It affects your strength (-3).
   It affects your accuracy and damage with ranged weapons and melee attacks
   (+4).
   It lets you see invisible.
 O - an uncursed ring of positive energy
 T - an uncursed ring of magical power
 U - the ring of the Vendetta {+Fly rF- rN+ Dex+2}
   (You took it off a deep elf annihilator on level 3 of the Elven Halls)

   [ring of flight]

   It affects your dexterity (+2).
   It makes you vulnerable to fire.
   It protects you from negative energy.
   It lets you fly.
 V - the amulet "Paprestu" (around neck) {+Rage rPois rF+}
   (You took it off a deep elf demonologist on level 3 of the Elven Halls)

   [amulet of rage]

   It protects you from fire.
   It protects you from poison.
   It lets you go berserk.
 Y - an uncursed ring of protection from magic {unknown}
Wands
 o - a wand of disintegration (61)
 p - a wand of paralysis (34)
 q - a wand of clouds (5)
 D - a wand of digging (34)
 P - a wand of iceblast (50)
 R - a wand of scattershot (14)
 X - a wand of polymorph (39)
Scrolls
 b - 38 scrolls of teleportation
 e - a scroll of enchant weapon
 h - 7 scrolls of blinking
 k - 23 scrolls of identify
 l - 2 scrolls of holy word
 n - 11 scrolls of magic mapping
 r - 25 scrolls of remove curse
 s - 11 scrolls of fog
 y - 3 scrolls of amnesia
 H - 8 scrolls of fear
 M - 6 scrolls of silence
 N - 3 scrolls of enchant armour
 Z - a scroll of brand weapon
Potions
 c - 8 potions of ambrosia
 m - 6 potions of heal wounds
 u - 7 potions of magic
 v - 6 potions of brilliance
 w - 17 potions of curing
 z - 3 potions of flight
 C - 7 potions of agility
 G - 5 potions of might
 I - 2 potions of resistance
 K - 13 potions of mutation
 L - a potion of cancellation
 Q - 5 potions of invisibility
Miscellaneous
 t - 3 phantom mirrors
Comestibles
 d - 70 rations


   Skills:
 + Level 15.6 Fighting
 - Level 8.0 Armour
 + Level 18.9 Dodging
 + Level 20.5 Unarmed Combat
 - Level 16.3 Spellcasting
 - Level 17.0 Charms
 - Level 14.7 Necromancy
 - Level 24.8 Transmutations
 - Level 13.0 Fire Magic
 - Level 4.0 Ice Magic
 - Level 11.0 Earth Magic
 - Level 12.0 Invocations


You had 19 spell levels left.
You knew the following spells:

 Your Spells              Type           Power        Failure   Level  Hunger
a - Beastly Appendage     Tmut           ######       0%          1    None
b - Spider Form           Tmut/Pois      ######....   0%          3    None
c - Ice Form              Ice/Tmut       #######.     1%          4    None
d - Blade Hands           Tmut           #######...   0%          5    None
e - Borgnjor's Vile Clut  Necr/Erth      ######....   1%          5    None
f - Ring of Flames        Chrm/Fire      #######...   1%          7    ####...
g - Statue Form           Tmut/Erth      #######..    1%          6    ##.....
h - Necromutation         Tmut/Necr      #######...   2%          8    ######.


Dungeon Overview and Level Annotations

Branches:
Dungeon (15/15)            Temple (0/1) D:5            Lair (6/6) D:9
 Shoals (4/4) Lair:4       Spider (4/4) Lair:4        Slime (0/5) Lair:5
    Orc (2/2) D:10            Elf (3/3) Orc:2        Vaults (5/5) D:13
  Crypt (0/3) Vaults:3     Depths (5/5) D:15            Zot (5/5) Depths:5

Altars:
Cheibriados
Fedhas
Gozag
Kikubaaqudgha
Makhleb
Nemelex Xobeh
Qazlal
Uskayaw
Vehumet
Xom
Zin
The Shining One
Beogh

Shops:
D:4 %   D:12 :   D:13 *?=%   Orc:2 (***}   Elf:1 =   Elf:2 ?==}   Shoals:4 (
Vaults:2 (   Vaults:3 [   Vaults:5 }

Portals:
Hell: Depths:1 Depths:2 Depths:3 Depths:4 Depths:5
Abyss: Depths:2 Depths:3 Depths:4 Depths:5
Pandemonium: Depths:1 Depths:3 Depths:4
Ziggurat: Depths:5

Annotations:
D:9 exclusion: statue
Lair:5 exclusion: 3 oklob plants
Shoals:1 exclusion: Roxanne, Roxanne


Innate Abilities, Weirdness & Mutations

((You revert to your normal form in water.))
((You are very nimble and swift while swimming.))
((You are very stealthy in the water. (Stealth+)))
((You are partially covered in thin metallic scales. (AC +2)))
You often lose your temper in combat.
Scrolls take you a little longer to read.
Armour fits poorly on your strangely shaped body.
Your body sometimes deteriorates upon taking damage.
Your natural rate of healing is unusually fast.
You are robust. (+10% HP)
You are weak. (Str -2)
Your spells are a little easier to cast, but a little less powerful.
You expend magic power (3 MP) to strengthen your wands.


Message History

The orb of fire glows yellow.
The bolt of fire misses you.
The orb of fire emits a lurid red light.
The fireball explodes!
The fireball engulfs you! You resist.
* * * LOW HITPOINT WARNING * * *
The fireball engulfs the orb of fire.
The orb of fire completely resists.
The fireball engulfs the orb of fire.
The orb of fire completely resists.
You pound the orb of fire into fine dust!!!!
You destroy the orb of fire!
Cheibriados thoroughly appreciates the change of pace.
You feel your strength returning.
You miss the orb of fire.
The orb of fire emits a lurid red light.
The fireball explodes!
The fireball engulfs you! You resist.
* * * LOW HITPOINT WARNING * * *
The fireball engulfs the orb of fire.
The orb of fire completely resists.
The fireball engulfs the orb of fire.
The orb of fire completely resists.
The orb of fire glows yellow.
The fireball explodes!
The fireball engulfs you! You resist.
You die...

##▓▓▓▓▓▓▓▓▓▓▓#
......)*8§)..###
......)*§##....##
..........###...#########
...........###...........
...........# ##..........
...........# #..........
........[..# ##.........
...........# #.........
##.........


You could see 2 orbs of fire.

Vanquished Creatures
  4 orbs of fire
  2 ancient liches (Zot:5)
  A juggernaut (Depths:3)
  3 Killer Klowns
  Saint Roka (Vaults:1)
  The ghost of YTcomUltraviolent4 the Champion of Chaos, a veteran DDFi of Makhleb (Zot:5)
  2 curse toes
  11 golden dragons
  A bone dragon (Depths:5)
  5 electric golems
  The ghost of loopi the Executioner, an adept HOWn of Okawaru (Vaults:3)
  26 tentacled monstrosities
  Jorgrun (Vaults:5)
  2 liches (Depths:3)
  A moon troll (WizLab)
  The ghost of JimDarkmagic the Executioner, an adept MiBe of Trog (Spider:3)
  A deep elf master archer (Elf:3)
  6 quicksilver dragons
  10 Orb Guardians (Zot:5)
  5 death cobs
  2 ancient champions (Vaults:3)
  7 tentacled starspawn (WizLab)
  4 deep elf blademasters (Elf:3)
  7 titans
  A kraken (Shoals:4)
  2 sphinxes
  Polyphemus (Shoals:2)
  An Executioner (Depths:4)
  7 shadow dragons
  20 storm dragons
  Ilsuiw (Shoals:4)
  7 tengu reavers
  6 draconian knights
  Donald (Spider:1)
  6 draconian monks
  7 ghost moths
  9 fire giants
  2 cacodemons
  11 frost giants
  10 deep elf sorcerers
  6 draconian shifters
  2 iron dragons (Depths:3)
  9 emperor scorpions
  9 draconian scorchers
  17 vault wardens
  A balrug (Depths:4)
  6 deep elf elementalists
  3 draconian stormcallers
  2 spriggan defenders
  8 draconian annihilators
  3 entropy weavers
  27 very ugly things
  12 ironheart preservers
  5 war gargoyles
  29 stone giants
  A stone giant (shapeshifter) (Vaults:4)
  9 red draconians
  6 deep elf annihilators
  A vampire knight (Depths:5)
  11 deep elf demonologists
  8 purple draconians
  14 yellow draconians
  2 spark wasps
  7 green draconians
  12 black draconians
  18 ettins
  7 merfolk javelineers
  4 deep elf death magi
  9 white draconians
  An eidolon (Vaults:3)
  The ghost of PrincessPwny the Basher, a journeyman DsCK of Trog (D:12)
  Josephine (Lair:5)
  10 merfolk impalers
  9 fire dragons
  14 yaktaur captains
  6 deep elf high priests
  2 crystal guardians (WizLab)
  14 great orbs of eyes
  16 ogre magi
  27 vault guards
  14 ice dragons
  4 hydras
  8 rakshasas
  3 merfolk avatars
  5 spriggan air magi
  Erica (D:10)
  60 two-headed ogres
  7 centaur warriors
  3 death yaks (Shoals:2)
  3 death knights
  A queen ant (Lair:2)
  3 satyrs
  33 dancing weapons
  2 catoblepae
  3 alligator snapping turtles
  4 merfolk aquamancers
  9 deep troll shamans
  11 tengu warriors
  9 deep troll earth magi
  5 spriggan berserkers
  An orc high priest (Orc:1)
  21 deep elf knights
  Sonja (D:11)
  Nergalle (Lair:2)
  9 iron trolls
  3 shadow wraiths
  17 hell knights
  14 glowing orange brains
  A sea snake (shapeshifter) (Vaults:2)
  5 unseen horrors
  11 skeletal warriors
  An unseen horror (shapeshifter) (Vaults:3)
  7 wizards
  11 sea snakes
  A kraken simulacrum (Shoals:4)
  18 deep elf archers
  43 deep trolls
  3 flayed ghosts
  An orange crystal statue (WizLab)
  4 phantasmal warriors
  19 harpies
  4 necromancers
  Pikel (D:6)
  A mana viper (shapeshifter) (Vaults:5)
  61 deep elf magi
  14 ironbrand convokers
  8 orb spiders
  A harpy (shapeshifter) (D:14)
  17 orc knights
  17 wolf spiders
  67 ugly things
  6 orc sorcerers
  A wolf spider (shapeshifter) (Vaults:5)
  17 fauns
  12 manticores
  20 moths of wrath
  7 cyclopes
  A black mamba (shapeshifter) (Depths:4)
  A moth of wrath (shapeshifter) (Vaults:2)
  6 oklob plants
  8 merfolk sirens
  3 centaur zombies
  2 ice statues (IceCv)
  16 vault sentinels
  2 black mambas
  A guardian serpent (shapeshifter) (Vaults:5)
  An orange demon (Depths:4)
  4 smoke demons (Depths:4)
  6 water nymphs
  A gargoyle (D:12)
  3 eyes of devastation (WizLab)
  22 spiny frogs
  42 yaktaurs
  An efreet (D:13)
  4 kobold demonologists (Depths:4)
  A rime drake (shapeshifter) (Vaults:2)
  2 small abominations (Elf:3)
  A rime drake (Lair:2)
  15 demonic crawlers
  A hellwing (Depths:4)
  4 komodo dragons
  4 tengu conjurers
  A jumping spider (shapeshifter) (D:15)
  6 freezing wraiths
  33 merfolk
  3 polar bears
  9 trolls
  A queen bee (shapeshifter) (Vaults:2)
  A merfolk (shapeshifter) (Vaults:5)
  A tengu simulacrum (Vaults:1)
  29 jumping spiders
  4 snapping turtles
  A polar bear (shapeshifter) (Depths:2)
  3 tyrant leeches (Lair:6)
  3 wind drakes
  Grinder (D:5)
  A blink frog (shapeshifter) (Vaults:3)
  32 slime creatures
  2 raiju (shapeshifter)
  8 hornets
  A stone giant simulacrum (Vaults:2)
  12 hippogriffs
  A frost giant simulacrum (Vaults:3)
  5 dream sheep
  40 blink frogs
  67 redbacks
  18 air elementals
  6 wraiths
  17 starcursed masses (WizLab)
  2 spriggans
  A spriggan (shapeshifter) (Vaults:4)
  2 shadows
  25 tarantellas
  A basilisk (Lair:4)
  A yak (shapeshifter) (Depths:1)
  Sigmund (D:5)
  21 water elementals
  3 wyverns
  46 yaks
  5 golden eyes (WizLab)
  2 hungry ghosts
  6 fire elementals
  Eustachio (D:6)
  2 neqoxecs (WizLab)
  13 wargs
  Menkaure (D:6)
  8 vampire mosquitoes
  21 soldier ants
  An acid dragon (shapeshifter) (Vaults:5)
  6 water moccasins
  2 acid dragons
  A floating eye (Depths:3)
  12 porcupines
  47 orc warriors
  Purgy (Sewer)
  5 sky beasts
  A slave (D:6)
  A sky beast (shapeshifter) (Vaults:5)
  2 black bears
  2 black bears (shapeshifter)
  An eye of draining (D:13)
  10 ice beasts
  28 ogres
  2 wolves (D:14)
  6 boggarts
  5 large abominations (Elf:1)
  2 phantoms (D:7)
  21 centaurs
  8 crocodiles
  5 big kobolds
  2 elf zombies
  3 earth elementals
  29 bullfrogs
  8 scorpions
  9 killer bees
  A troll skeleton (D:7)
  15 wights
  5 electric eels
  10 howler monkeys
  8 crimson imps
  7 hounds
  A quasit (D:12)
  2 bullfrog zombies
  A human simulacrum (Vaults:2)
  2 centaur skeletons
  4 human zombies (D:7)
  2 iron imps (Depths:1)
  4 bullfrog skeletons
  A gnoll shaman (D:8)
  19 orc priests
  3 jellies
  48 orc wizards
  5 iguanas
  33 worker ants
  2 human skeletons (D:7)
  7 hell rats (Lair:5)
  2 killer bee zombies
  A big kobold zombie (Ossuary)
  A hound zombie (Ossuary)
  6 mummies
  A hound skeleton (D:8)
  A howler monkey zombie (D:8)
  2 worker ant zombies
  7 gnolls
  13 adders
  A river rat (D:3)
  A shadow imp (D:13)
  A white imp (Depths:4)
  2 oozes
  7 worms
  An adder skeleton (D:9)
  7 dart slugs
  8 leopard geckos
  132 orcs
  7 ball pythons
  3 bats
  7 giant cockroaches
  4 goblins
  3 hobgoblins
  21 jackals
  31 kobolds
  7 quokkas
  5 frilled lizards
  A goblin zombie (Ossuary)
  A hobgoblin zombie (Ossuary)
  A jackal simulacrum (D:9)
  2 jackal zombies (Ossuary)
  A kobold zombie (Ossuary)
  A leopard gecko zombie (D:5)
  2 orc skeletons (D:7)
  5 orc zombies
  A quokka skeleton (D:4)
  A quokka zombie (D:7)
  12 rats
  2 plants
  2 starspawn tentacles (WizLab)
  2 tentacles (Shoals:4)
2516 creatures vanquished.

Vanquished Creatures (others)
  A fire giant (Depths:3)
  A draconian knight (Zot:5)
  A draconian annihilator (Zot:3)
  A necromancer (Depths:3)
  2 deep elf magi
  4 moths of wrath (Zot:5)
  A tengu conjurer (Depths:1)
  A redback (Spider:4)
  A water moccasin (shapeshifter) (Depths:3)
  A wight (D:6)
  An adder (D:6)
  4 orcs
  A giant cockroach (D:15)
  A bush (Lair:6)
  19 fungi
  46 plants
  15 starspawn tentacles (WizLab)
  21 tentacles
122 creatures vanquished.

Grand Total: 2638 creatures vanquished

Notes
Turn   | Place    | Note
-------+----------+-------------------------------------------
     0 | D:1      | Doughies the Merfolk Transmuter began the quest for the Orb.
     0 | D:1      | Reached XP level 1. HP: 15/15 MP: 3/3
   129 | D:1      | Reached XP level 2. HP: 15/21 MP: 3/5
   150 | D:1      | Reached skill level 3 in Transmutations
   349 | D:1      | Reached XP level 3. HP: 19/26 MP: 4/6
   376 | D:1      | Learned a level 3 spell: Spider Form
   419 | D:1      | You fall through a shaft!
  1084 | D:2      | Reached XP level 4. HP: 28/32 MP: 4/7
  1088 | D:2      | Reached skill level 4 in Transmutations
  1484 | D:2      | Found a snail-covered altar of Cheibriados.
  1507 | D:2      | Became a worshipper of Cheibriados the Contemplative
  1657 | D:3      | Reached skill level 5 in Transmutations
  1657 | D:3      | Reached XP level 5. HP: 19/37 MP: 4/9
  1751 | D:3      | Gained mutation: You are partially covered in thin metallic scales. (AC +2) [potion of mutation]
  1751 | D:3      | Gained mutation: You are robust. (+10% HP) [potion of mutation]
  1751 | D:3      | Gained mutation: You tend to lose your temper in combat. [potion of mutation]
  1751 | D:3      | Gained mutation: Your natural rate of healing is unusually fast. [potion of mutation]
  1950 | D:3      | Found a glowing drain.
  1970 | Sewer    | Entered a sewer
  1982 | Sewer    | Learned a level 4 spell: Ice Form
  2036 | Sewer    | Noticed Purgy
  2050 | Sewer    | Killed Purgy
  2050 | Sewer    | Reached skill level 6 in Transmutations
  2050 | Sewer    | Reached skill level 1 in Ice Magic
  2050 | Sewer    | Reached XP level 6. HP: 21/47 MP: 7/11
  2434 | D:3      | Reached * piety under Cheibriados
  3101 | D:4      | Found a blossoming altar of Fedhas.
  3108 | D:4      | Reached ** piety under Cheibriados
  3130 | D:4      | Reached XP level 7. HP: 52/52 MP: 8/12
  3195 | D:4      | Learned a level 5 spell: Blade Hands
  3235 | D:4      | Found Kaduuguf's Food Shop.
  3538 | D:5      | Entered Level 5 of the Dungeon
  3577 | D:5      | Reached skill level 7 in Transmutations
  3676 | D:5      | Noticed Grinder
  3692 | D:5      | Killed Grinder
  3752 | D:5      | Reached XP level 8. HP: 44/59 MP: 15/15
  3823 | D:5      | Found a stormy altar of Qazlal.
  3895 | D:5      | Reached skill level 5 in Spellcasting
  3917 | D:5      | Reached skill level 8 in Transmutations
  4006 | D:5      | Noticed Sigmund
  4024 | D:5      | Killed Sigmund
  4060 | D:5      | Found a staircase to the Ecumenical Temple.
  4297 | D:6      | Reached skill level 5 in Unarmed Combat
  4346 | D:6      | Reached *** piety under Cheibriados
  4379 | D:6      | Noticed Pikel
  4379 | D:6      | Found a glowing silver altar of Zin.
  4380 | D:6      | Found a burning altar of Makhleb.
  4388 | D:6      | Noticed Menkaure
  4392 | D:6      | Killed Pikel
  4392 | D:6      | Reached skill level 5 in Dodging
  4392 | D:6      | Reached XP level 9. HP: 48/71 MP: 16/16
  4393 | D:6      | Found a shimmering altar of Xom.
  4395 | D:6      | Killed Menkaure
  4423 | D:6      | Noticed Eustachio
  4435 | D:6      | Killed Eustachio
  4601 | D:6      | Reached skill level 5 in Fighting
  5310 | D:7      | Reached **** piety under Cheibriados
  5627 | D:7      | Reached XP level 10. HP: 80/83 MP: 11/17
  5747 | D:7      | Found an ancient bone altar of Kikubaaqudgha.
  5952 | D:8      | Found a sand-covered staircase.
  5957 | Ossuary  | Entered an ossuary
  5978 | Ossuary  | Reached ***** piety under Cheibriados
  6290 | D:8      | Found a flagged portal.
  6299 | Bailey   | Entered a bailey
  6378 | Bailey   | Noticed an orc knight
  6440 | Bailey   | Noticed an orc knight
  6456 | Bailey   | Killed an orc knight
  6456 | Bailey   | Reached skill level 10 in Unarmed Combat
  6584 | Bailey   | Got a bloodstained plate armour
  6601 | Bailey   | Identified the +9 plate armour of Eliaph {rPois rC- Int+4 Dex+6} (You found it in a bailey)
  6633 | Bailey   | Noticed an orc knight
  6649 | Bailey   | Killed an orc knight
  6981 | D:8      | Noticed a two-headed ogre
  6983 | D:8      | Killed a two-headed ogre
  6987 | D:8      | Noticed a two-headed ogre
  6996 | D:8      | Killed a two-headed ogre
  6996 | D:8      | Reached skill level 10 in Dodging
  6996 | D:8      | Reached XP level 11. HP: 65/92 MP: 15/18
  7025 | D:8      | Noticed a two-headed ogre
  7036 | D:8      | Killed a two-headed ogre
  7036 | D:8      | Reached skill level 5 in Invocations
  7145 | D:8      | Found a glowing golden altar of the Shining One.
  7180 | D:8      | Noticed a two-headed ogre
  7185 | D:8      | Killed a two-headed ogre
  7521 | D:9      | Learned a level 5 spell: Borgnjor's Vile Clutch
  7678 | D:9      | Reached ****** piety under Cheibriados
  7795 | D:9      | Found a radiant altar of Vehumet.
  7843 | D:9      | Reached skill level 1 in Necromancy
  7843 | D:9      | Reached skill level 1 in Earth Magic
  7933 | D:9      | Found the +4 dagger "Morg" {pain, MR+ Int+5}
  7933 | D:9      | Noticed a deep elf mage
  7942 | D:9      | Noticed a purple ugly thing
  7942 | D:9      | Noticed a two-headed ogre
  7956 | D:9      | Noticed an unseen horror
  7966 | D:9      | Killed an unseen horror
  7970 | D:9      | Killed a deep elf mage
  7974 | D:9      | Killed a purple ugly thing
  7980 | D:9      | Killed a two-headed ogre
  8085 | D:9      | Got a fine broad axe
  8086 | D:9      | Identified the +3 broad axe of Tenacity {chop, rF+} (You found it on level 9 of the Dungeon)
  8246 | D:9      | Found a staircase to the Lair.
  8248 | D:9      | Reached XP level 12. HP: 100/100 MP: 13/19
  8394 | Lair:1   | Entered Level 1 of the Lair of Beasts
  8743 | Lair:1   | Reached skill level 9 in Transmutations
  9122 | Lair:2   | Noticed a queen ant
  9130 | Lair:2   | Reached skill level 10 in Invocations
  9162 | Lair:2   | Killed a queen ant
  9162 | Lair:2   | Reached skill level 10 in Transmutations
  9421 | Lair:2   | Got a brightly glowing leather armour
  9446 | Lair:2   | Identified the +1 leather armour of the Game Afoot {Slay+2} (You found it on level 2 of the Lair of Beasts)
  9461 | Lair:2   | Noticed an eight-headed hydra
  9567 | Lair:2   | Noticed a catoblepas
  9572 | Lair:2   | Killed a catoblepas
  9589 | Lair:2   | Reached XP level 13. HP: 105/105 MP: 17/23
 10219 | Lair:2   | Noticed Nergalle
 10226 | Lair:2   | Killed Nergalle
 11282 | Lair:4   | Found a hole to the Spider Nest.
 11389 | Lair:4   | Got a faintly glowing graven amulet
 11393 | Lair:4   | Identified the amulet "Rovicamm" {Harm *Drain rF- rN++ Dex+6} (You found it on level 4 of the Lair of Beasts)
 11472 | Lair:4   | Found a dark tunnel.
 11529 | Lair:4   | Found a staircase to the Shoals.
 12087 | Lair:5   | Got a pair of pitted boots
 12098 | Lair:5   | Identified the +2 pair of boots of Rucit {-Cast rElec Slay+6} (You found it on level 5 of the Lair of Beasts)
 12231 | Lair:5   | Noticed Josephine
 12239 | Lair:5   | Killed Josephine
 12484 | Lair:5   | Found a staircase to the Slime Pits.
 13056 | Lair:6   | Entered Level 6 of the Lair of Beasts
 13203 | Lair:6   | Reached XP level 14. HP: 112/118 MP: 24/24
 13330 | Lair:6   | Reached skill level 10 in Fighting
 14521 | D:10     | Entered Level 10 of the Dungeon
 14579 | D:10     | Found a staircase to the Orcish Mines.
 14860 | D:10     | Noticed Erica
 14869 | D:10     | Killed Erica
 15162 | D:10     | Identified 2 scrolls of acquirement
 15170 | D:10     | Got a crude golden ring
 15173 | D:10     | Identified the ring "Maghich" {Ice MR++ Dex+4} (You acquired it on level 10 of the Dungeon)
 15415 | D:11     | Noticed Sonja
 15424 | D:11     | Killed Sonja
 15552 | D:11     | Reached skill level 15 in Unarmed Combat
 16235 | D:12     | Noticed PrincessPwny's ghost (journeyman DsCK)
 16241 | D:12     | Killed PrincessPwny's ghost
 16564 | D:12     | Reached XP level 15. HP: 129/129 MP: 25/25
 16955 | D:12     | Found Xawneko's Book Boutique.
 17015 | D:13     | Found Joham's Jewellery Boutique.
 17105 | D:13     | Found Keczivio's Food Shoppe.
 17131 | D:13     | Identified the Incunabulum of the Vitriolic Arsonist
 17497 | D:13     | Found Yvim's Magic Scroll Emporium.
 17511 | D:13     | Bought a scroll of identify for 24 gold pieces
 17511 | D:13     | Bought a scroll of identify for 24 gold pieces
 17572 | D:13     | Reached skill level 5 in Necromancy
 17572 | D:13     | Reached skill level 5 in Earth Magic
 17644 | D:13     | Found a gate to the Vaults.
 17648 | D:13     | Reached skill level 11 in Transmutations
 17925 | D:13     | Found Sodalo's General Store.
 18338 | D:14     | Found a frozen archway.
 18376 | IceCv    | Entered an ice cave
 18391 | IceCv    | Found a transporter.
 18673 | D:14     | Reached skill level 12 in Transmutations
 18722 | D:14     | Reached skill level 1 in Armour
 19420 | D:15     | Entered Level 15 of the Dungeon
 19530 | D:15     | Reached XP level 16. HP: 137/137 MP: 24/28
 19587 | D:15     | Reached skill level 5 in Armour
 19702 | D:15     | Found a blossoming altar of Fedhas.
 20077 | D:15     | Found a staircase to the Depths.
 20689 | Orc:1    | Entered Level 1 of the Orcish Mines
 21121 | Orc:1    | Found a roughly hewn altar of Beogh.
 21387 | Orc:2    | Entered Level 2 of the Orcish Mines
 21568 | Orc:2    | Found a staircase to the Elven Halls.
 21606 | Orc:2    | Found Birar's Assorted Antiques.
 21608 | Orc:2    | Found Fysir's Gadget Shop.
 21635 | Orc:2    | Bought a scroll of identify for 54 gold pieces
 21725 | Orc:2    | Found a roughly hewn altar of Beogh.
 21888 | Orc:2    | Found Xeucock's Weapon Boutique.
 22083 | Orc:2    | Found Gugeraq's Assorted Antiques.
 22083 | Orc:2    | Found Kekel's Assorted Antiques.
 22115 | Orc:2    | Bought a pink potion for 35 gold pieces
 22115 | Orc:2    | Bought a scroll of identify for 78 gold pieces
 22115 | Orc:2    | Bought a scroll of identify for 78 gold pieces
 22164 | Orc:2    | Bought a shimmering hat for 243 gold pieces
 22169 | Orc:2    | Identified the -5 hat of the Fisher {-Tele rElec rPois Regen+} (You bought it in a shop on level 2 of the Orcish Mines)
 22453 | Shoals:1 | Entered Level 1 of the Shoals
 22528 | Shoals:1 | Noticed Roxanne
 22631 | Shoals:1 | Reached skill level 13 in Transmutations
 23268 | Shoals:2 | Noticed a kraken
 23354 | Shoals:2 | Reached XP level 17. HP: 132/144 MP: 23/30
 23419 | Shoals:2 | Reached skill level 14 in Transmutations
 23549 | Shoals:2 | Noticed Polyphemus
 23566 | Shoals:2 | Killed Polyphemus
 23665 | Shoals:2 | Found an opulent altar of Gozag.
 23786 | Shoals:2 | Noticed a kraken
 24447 | Shoals:4 | Entered Level 4 of the Shoals
 24880 | Shoals:4 | Got a barnacled rune of Zot
 24963 | Shoals:4 | Got a brightly glowing great sword
 24964 | Shoals:4 | Identified the +9 great sword of the Lettuce {flame, rElec rF+ Stlth-} (You found it on level 4 of the Shoals)
 24983 | Shoals:4 | Noticed Ilsuiw
 25002 | Shoals:4 | Killed Ilsuiw
 25142 | Shoals:4 | Noticed a kraken
 25153 | Shoals:4 | Killed a kraken
 25153 | Shoals:4 | Reached XP level 18. HP: 36/151 MP: 31/31
 25314 | Shoals:4 | Found Zipimne's Weapon Shop.
 25345 | Shoals:4 | Got bloodstained shadow dragon scales
 25356 | Shoals:4 | Identified the +8 shadow dragon scales of Noughts and Crosses {rPois MR++ Int-5 SInv Stlth++++} (You took it off a merfolk impaler on level 4 of the Shoals)
 25687 | Shoals:4 | Identified Zecla's Guide on Talismans
 25696 | Shoals:4 | Learned a level 7 spell: Ring of Flames
 25998 | Spider:1 | Entered Level 1 of the Spider Nest
 25998 | Spider:1 | Noticed Donald
 26002 | Spider:1 | Killed Donald
 26289 | Spider:1 | Reached skill level 15 in Dodging
 26414 | Spider:1 | Reached skill level 1 in Charms
 26693 | Spider:2 | Reached skill level 1 in Fire Magic
 27297 | Spider:3 | Noticed JimDarkmagic's ghost (adept MiBe)
 27313 | Spider:3 | Killed JimDarkmagic's ghost
 27364 | Spider:3 | Reached skill level 5 in Charms
 27850 | Spider:4 | Entered Level 4 of the Spider Nest
 28275 | Spider:4 | Reached skill level 5 in Fire Magic
 28292 | Spider:4 | Reached XP level 19. HP: 112/160 MP: 32/32
 28328 | Spider:4 | HP: 3/160 [disintegration (38)]
 29046 | Spider:4 | Got a gossamer rune of Zot
 29423 | Elf:1    | Entered Level 1 of the Elven Halls
 30019 | Elf:1    | Identified Vehagat's Incunabulum of Evil Secrets
 30150 | Elf:1    | Identified Sif Muna's Volume of Bewitchment and Clay
 30247 | Elf:1    | Found Yzxoq's Jewellery Shop.
 30272 | Elf:1    | Reached skill level 10 in Charms
 30510 | Elf:1    | Found a portal to a secret trove of treasure.
 30821 | Elf:1    | You paid a toll of +8 shadow dragon scales to enter a treasure trove
 30822 | Trove    | Entered a treasure trove
 30834 | Trove    | Identified Sif Muna's Almanac of Shifting Calling
 30837 | Trove    | Identified Sif Muna's Papyrus of Captivating Augmentations
 30867 | Trove    | Identified Sif Muna's Papyrus of the Volcanoes and Transmutation
 30882 | Trove    | Identified the Guide on Earthen Creation
 31084 | D:9      | Learned a level 6 spell: Statue Form
 31664 | Elf:2    | Found Langaj's Magic Scroll Shoppe.
 31912 | Elf:2    | Found Mytyl's Jewellery Boutique.
 31914 | Elf:2    | Found Azugamug's Gadget Shoppe.
 31915 | Elf:2    | Found Jypieh's Jewellery Boutique.
 31928 | Elf:2    | Bought the ring "Ymnerghi" {+Blink rF- AC+5 Str+2 Dex+6} for 945 gold pieces
 32114 | Elf:2    | Found a runed gate.
 32114 | Elf:2    | Found a runed gate.
 32115 | Elf:2    | Found a runed gate.
 32520 | Elf:2    | Reached XP level 20. HP: 69/168 MP: 30/33
 32685 | Elf:2    | Reached skill level 15 in Transmutations
 32738 | Elf:3    | Entered Level 3 of the Elven Halls
 32755 | Elf:3    | Reached skill level 10 in Spellcasting
 32859 | Elf:3    | Found a sparkling altar of Nemelex Xobeh.
 33316 | Elf:3    | Noticed a Brimstone Fiend
 33519 | Elf:3    | Noticed a Brimstone Fiend
 33521 | Elf:3    | Noticed a Tzitzimitl
 33875 | Elf:3    | Reached skill level 16 in Transmutations
 34063 | Elf:3    | Reached skill level 10 in Earth Magic
 34101 | Elf:3    | Got a brightly glowing bone ring
 34139 | Elf:3    | Got a bound tin ring
 34141 | Elf:3    | Identified the ring of the Vendetta {+Fly rF- rN+ Dex+2} (You took it off a deep elf annihilator on level 3 of the Elven Halls)
 34146 | Elf:3    | Identified the ring "Venadeuf" {Wiz rF+ Dex+2} (You took it off a deep elf mage on level 3 of the Elven Halls)
 34284 | Elf:3    | Got a scorched brass amulet
 34287 | Elf:3    | Identified the amulet "Paprestu" {+Rage rPois rF+} (You took it off a deep elf demonologist on level 3 of the Elven Halls)
 34330 | Elf:3    | Identified the Reference Book on Enhancements and Black Secrets
 34355 | Elf:3    | Got a pair of encrusted gloves
 34366 | Elf:3    | Identified the +0 pair of gloves of Modesty {rPois rC++ Slay+3} (You found it on level 3 of the Elven Halls)
 34421 | Elf:3    | Got a pair of polished boots
 34427 | Elf:3    | Identified the +1 pair of boots of Disguise {Str+8 Int-3 Stlth+} (You found it on level 3 of the Elven Halls)
 34469 | Elf:3    | Identified Sif Muna's Tome of Sinister Confrontation
 34826 | Vaults:1 | Entered Level 1 of the Vaults
 35371 | Vaults:1 | Reached XP level 21. HP: 160/174 MP: 31/36
 35375 | Vaults:1 | Noticed Saint Roka
 35395 | Vaults:1 | Killed Saint Roka
 35395 | Vaults:1 | Reached skill level 17 in Transmutations
 35842 | Vaults:1 | Got a twitching lead ring
 35844 | Vaults:1 | Identified the ring of Daogyenn {Str-3 Slay+4 SInv} (You found it on level 1 of the Vaults)
 36479 | Vaults:2 | Reached skill level 10 in Necromancy
 36479 | Vaults:2 | Reached skill level 18 in Transmutations
 36853 | Vaults:2 | Found Felom's Weapon Boutique.
 37587 | Vaults:3 | Noticed loopi's ghost (adept HOWn)
 37610 | Vaults:3 | Killed loopi's ghost
 37610 | Vaults:3 | Reached XP level 22. HP: 167/181 MP: 30/37
 38417 | Vaults:3 | Found a staircase to the Crypt.
 38567 | Vaults:3 | Found Wisitt's Antique Armour Shop.
 38575 | Vaults:3 | Bought a shiny helmet for 135 gold pieces
 39736 | Vaults:4 | Reached XP level 23. HP: 193/193 MP: 33/38
 39859 | Vaults:5 | Entered Level 5 of the Vaults
 40132 | Vaults:5 | Noticed Jorgrun
 40141 | Vaults:5 | Killed Jorgrun
 40310 | Vaults:5 | Identified Saejuhut's Grimoire of Scorching Ice
 40631 | Vaults:5 | Got a silver rune of Zot
 40717 | Vaults:5 | Reached skill level 15 in Fighting
 40717 | Vaults:5 | Reached XP level 24. HP: 206/206 MP: 32/38
 40829 | Vaults:5 | Found Bosto's Gadget Boutique.
 40952 | Vaults:5 | Identified Sif Muna's Reference Book on the Frostbite
 41791 | Depths:1 | Entered Level 1 of the Depths
 41929 | Depths:1 | Found a gateway to Hell.
 42520 | Depths:1 | Found a one-way gate leading to the halls of Pandemonium.
 42727 | Depths:2 | Found a one-way gate to the infinite horrors of the Abyss.
 42830 | Depths:2 | Found a flickering gateway to a bazaar.
 42836 | Bazaar   | Entered a bazaar
 42838 | Bazaar   | Found Xihiys's Magic Scroll Shop.
 42846 | Bazaar   | Bought a scroll of identify for 28 gold pieces
 42846 | Bazaar   | Bought a scroll of identify for 28 gold pieces
 42877 | Bazaar   | Found Nuweivve's Armour Shoppe.
 42880 | Bazaar   | Found Ycvo's Distillery.
 42886 | Bazaar   | Found Azenagh's Antique Weapon Shop.
 42890 | Bazaar   | Bought a potion of experience for 700 gold pieces
 42890 | Bazaar   | Reached XP level 25. HP: 213/213 MP: 38/38
 43541 | Depths:2 | Reached skill level 10 in Fire Magic
 43967 | Depths:3 | Found a stormy altar of Qazlal.
 43967 | Depths:3 | Found an opulent altar of Gozag.
 43968 | Depths:3 | Found a hide-covered altar of Uskayaw.
 44043 | Depths:3 | Paralysed by a floating eye for 2 turns
 44277 | Depths:3 | Reached XP level 26. HP: 221/221 MP: 38/38
 44385 | Depths:3 | Noticed a juggernaut
 44397 | Depths:3 | Killed a juggernaut
 45048 | Depths:4 | Found a glowing golden altar of the Shining One.
 45511 | Depths:4 | Reached skill level 19 in Transmutations
 45794 | Depths:4 | Found a runed door.
 45797 | Depths:4 | Found a runed door.
 45929 | Depths:4 | Found a burning altar of Makhleb.
 45940 | Depths:4 | Identified the Handbook of Beguiling
 46065 | Depths:5 | Entered Level 5 of the Depths
 46216 | Depths:5 | Found a gateway to a ziggurat.
 46219 | Depths:5 | Paralysed by a floating eye for 4 turns
 46232 | Depths:5 | Reached skill level 15 in Charms
 46235 | Depths:5 | Reached skill level 20 in Transmutations
 46237 | Depths:5 | Reached XP level 27. HP: 227/227 MP: 22/38
 46303 | Depths:5 | Found a magical portal.
 46312 | WizLab   | Entered Lehudib's Moon Base
 46513 | WizLab   | Paralysed by accursed screaming for 1 turns
 46551 | WizLab   | Gained mutation: Armour fits poorly on your strangely shaped body. [a neqoxec]
 46584 | WizLab   | Paralysed by accursed screaming for 1 turns
 46821 | WizLab   | Gained mutation: You expend magic power (3 MP) to strengthen your wands. [a neqoxec]
 46824 | WizLab   | Gained mutation: Your spells are a little easier to cast, but a little less powerful. [a neqoxec]
 46941 | WizLab   | Found a transporter.
 47127 | WizLab   | Identified Lehudib's Volume of the Unstable Mountains
 47149 | WizLab   | Found a transporter.
 47167 | WizLab   | Got a bone halberd
 47332 | Depths:5 | Found a gate to the Realm of Zot.
 47404 | Depths:5 | Paralysed by a floating eye for 3 turns
 47663 | Depths:5 | Paralysed by a floating eye for 4 turns
 48057 | D:9      | Learned a level 8 spell: Necromutation
 48059 | D:9      | Identified the +5 halberd of the Unspeakable One {flame, +Inv rElec rC- rN+ MR+} (You found it in a wizard's laboratory)
 48453 | Depths:5 | Paralysed by a floating eye for 4 turns
 48478 | Zot:1    | Entered Level 1 of the Realm of Zot
 48930 | Zot:1    | Reached skill level 21 in Transmutations
 50253 | Zot:3    | Noticed an orb of fire
 50253 | Zot:3    | Noticed an orb of fire
 50259 | Zot:3    | Gained mutation: You are weak. (Str -2) [an orb of fire]
 50262 | Zot:3    | Gained mutation: Your body sometimes deteriorates upon taking damage. [an orb of fire]
 50263 | Zot:3    | Killed an orb of fire
 50263 | Zot:3    | Reached skill level 15 in Spellcasting
 50263 | Zot:3    | Reached skill level 22 in Transmutations
 50990 | Zot:3    | Gained mutation: You often lose your temper in combat. [an orb of fire]
 50997 | Zot:3    | Killed an orb of fire
 51204 | Zot:4    | Reached skill level 23 in Transmutations
 52046 | Zot:4    | Noticed an orb of fire
 52053 | Zot:4    | Killed an orb of fire
 52053 | Zot:4    | Reached skill level 24 in Transmutations
 52452 | Zot:5    | Entered Level 5 of the Realm of Zot
 52487 | Zot:5    | Noticed YTcomUltraviolent4's ghost (veteran DDFi)
 52497 | Zot:5    | Killed YTcomUltraviolent4's ghost
 52745 | Zot:5    | Noticed an ancient lich
 52747 | Zot:5    | Noticed an ancient lich
 52748 | Zot:5    | Killed an ancient lich
 52752 | Zot:5    | Killed an ancient lich
 53054 | Zot:5    | Noticed an orb of fire
 53055 | Zot:5    | Noticed an orb of fire
 53058 | Zot:5    | Noticed an orb of fire
 53060 | Zot:5    | Gained mutation: Scrolls take you a little longer to read. [an orb of fire]
 53062 | Zot:5    | Killed an orb of fire
 53063 | Zot:5    | HP: 6/300 [orb of fire/fireball (17)]
 53063 | Zot:5    | Killed from afar by an orb of fire

Skill      XL: |  1  2  3  4  5  6  7  8  9 10 11 12 13 14 15 16 17 18 19 20 21 22 23 24 25 26 27 |
---------------+----------------------------------------------------------------------------------+-----
Transmutations | 3 5 6 7 8 10 12 13 14 16 18 20 24 | 24.8
Dodging        | 3 5 7 10 12 14 15 16 18 | 18.9
Spellcasting   | 3 4 5 7 8 9 11 16 | 16.3
Ice Magic      | 1 2 4 |  4.0
Unarmed Combat | 6 9 10 11 13 15 16 18 20 | 20.5
Fighting       | 4 5 7 9 11 12 13 15 | 15.6
Invocations    | 4 9 10 11 12 | 12.0
Necromancy     | 3 4 6 8 12 14 | 14.7
Earth Magic    | 3 4 6 8 10 11 | 11.0
Armour         | 4 8 |  8.0
Charms         | 7 10 12 13 15 17 | 17.0
Fire Magic     | 5 7 9 11 13 | 13.0

Action                   |  1- 3 |  4- 6 |  7- 9 | 10-12 | 13-15 | 16-18 | 19-21 | 22-24 | 25-27 || total
-------------------------+-------+-------+-------+-------+-------+-------+-------+-------+-------++-------
Melee: Unarmed           |   112 |   186 |   257 |   425 |   779 |  1085 |  1033 |   741 |  1315 ||  5933
       Headbutt          |    16 |    12 |    14 |       |       |       |       |       |       ||    42
       Punch             |     1 |     2 |       |    22 |    91 |   110 |   104 |   107 |   264 ||   701
       Staff             |       |       |       |       |    19 |    54 |    14 |       |       ||    87
       Tailslap          |       |       |       |       |     9 |    94 |     4 |       |       ||   107
 Cast: Beastly Appendage |    20 |    16 |     7 |     1 |       |       |       |       |       ||    44
       Spider Form       |     1 |    20 |    10 |    10 |       |       |       |       |       ||    41
       Ice Form          |       |       |    16 |    18 |     3 |       |       |     1 |       ||    38
       Blade Hands       |       |       |       |    25 |   136 |   121 |   101 |     2 |       ||   385
       Statue Form       |       |       |       |       |       |       |     1 |    51 |   107 ||   159
       Borgnjor's Vile C |       |       |       |       |       |       |       |     3 |       ||     3
       Ring of Flames    |       |       |       |       |       |       |       |       |    21 ||    21
Invok: Slouch            |       |       |       |     4 |    11 |    13 |    13 |     8 |     7 ||    56
       Step From Time    |       |       |       |     1 |     3 |     4 |     2 |       |     2 ||    12
       Bend Time         |       |       |       |       |     1 |       |     1 |       |       ||     2
 Abil: End Transformatio |       |       |     1 |     1 |     1 |       |     4 |     1 |       ||     8
Evoke: Wand              |       |       |       |     3 |       |       |     1 |       |       ||     4
  Use: Potion            |       |     1 |       |       |       |     1 |       |     1 |     4 ||     7
       Scroll            |       |       |     9 |     6 |    17 |     7 |     9 |     3 |     7 ||    58
 Stab: Sleeping          |     2 |     1 |     2 |    11 |     6 |     1 |       |       |     5 ||    28
       Distracted        |       |       |       |     1 |     4 |       |     1 |     1 |     2 ||     9
       Petrified         |       |       |       |       |       |     3 |       |       |       ||     3
  Eat: Chunk             |     1 |     9 |     8 |    16 |    38 |    23 |    13 |    24 |    36 ||   168
       Ration            |       |       |       |       |     4 |     3 |     5 |     1 |     2 ||    15
Armor: Robe              |    15 |     4 |       |       |       |       |       |       |       ||    19
       Skin              |       |     4 |    33 |    48 |     4 |       |     2 |   270 |   619 ||   980
       Leather armour    |       |    12 |       |     1 |    59 |     2 |       |       |       ||    74
       Troll leather arm |       |     7 |    20 |    12 |       |       |       |       |       ||    39
       Plate armour      |       |       |       |       |       |   542 |   352 |    19 |    39 ||   952
Dodge: Dodged            |    71 |   159 |   237 |   440 |   877 |  1765 |  1099 |  1447 |  2974 ||  9069
       Deflected         |       |       |       |       |    31 |    83 |    52 |    51 |    73 ||   290
